 Dungeon Crawl Stone Soup version 0.25-a0-670-g50981ef59b (webtiles) character file.

Game seed: 6057904143883539652, levelgen mode: deterministic

114 Error4North the Chopper (level 4, -1/40 HPs)
             Began as a Hill Orc Fighter on Mar 29, 2020.
             Slain by a crocodile (16 damage)
             ... on level 3 of the Dungeon.
             The game lasted 00:04:16 (2268 turns).

Error4North the Chopper (Hill Orc Fighter)          Turns: 2268, Time: 00:04:16

Health: -1/40      AC:  8    Str: 19    XL:     4   Next: 98%
Magic:  4/4        EV:  7    Int:  8    God:
Gold:   124        SH:  9    Dex: 10    Spells: 3/3 levels left

rFire    . . .     SeeInvis .   a - +0 war axe
rCold    . . .     Gourm    .   c - +0 kite shield
rNeg     . . .     Faith    .   b - +0 scale mail
rPois    .         Spirit   .   (no helmet)
rElec    .         Reflect  .   l - +0 cloak
rCorr    .         Harm     .   (no gloves)
MR       .....                  (no boots)
Stlth    ..........             (no amulet)
HPRegen  0.13/turn              (no ring)
MPRegen  0.09/turn              (no ring)

@: lightly drained
A: no striking features
a: no special abilities


You were on level 3 of the Dungeon.
You were not hungry.

You visited 1 branch of the dungeon, and saw 3 of its levels.

You collected 124 gold pieces.

Inventory:

Hand Weapons
 a - a +0 war axe (weapon)
Armour
 b - a +0 scale mail (worn)
 c - a +0 kite shield (worn)
 l - a +0 cloak (worn)
Jewellery
 t - an uncursed ring of magical power {unknown}
Scrolls
 e - 3 scrolls of identify {unknown}
 h - a scroll of amnesia {unknown}
 j - 3 scrolls of remove curse {unknown}
 m - a scroll of immolation {unknown}
 o - a scroll of blinking {unknown}
 p - a scroll of enchant armour {unknown}
 q - 2 scrolls of teleportation {unknown}
 r - a scroll of enchant weapon {unknown}
 s - a scroll of fog {unknown}
Potions
 d - a potion of might
 g - a potion of lignification {unknown}
 i - 2 potions of curing {unknown}
 k - 2 potions of heal wounds {unknown}
 n - a potion of haste {unknown}
Comestibles
 f - 4 rations


   Skills:
 + Level 4.2 Fighting
 + Level 4.4(4.3) Axes
 * Level 4.1(4.0) Armour
 + Level 0.3 Dodging
 + Level 0.1(0.0) Stealth
 * Level 4.0(3.9) Shields


You had 3 spell levels left.
You didn't know any spells.
Your spell library was empty.

Dungeon Overview and Level Annotations

Branches:
Dungeon (3/15)

Altars:
Xom
The Shining One

Annotations:
D:2 Sigmund


Message History

You barely miss the crocodile.
The crocodile is lightly wounded.
The bat closely misses you. The crocodile bites you!
The crocodile barely misses you.
You hit the crocodile.
The crocodile is moderately wounded.
You barely miss the bat. The bat hits you but does no damage.
You block the crocodile's attack.
Your shield and scale mail prevent you from hitting the crocodile.
The crocodile is moderately wounded.
You block the bat's attack. You block the crocodile's attack.
You hit the bat but do no damage.
The bat is moderately wounded.
You slash the crocodile! You block the bat's attack. x2
The bat hits you but does no damage.
The crocodile bites you but does no damage.
The bat hits you but does no damage. The bat hits you but does no damage.
The crocodile bites you!
You die...

## .. #. #.# #. #.## ## ##.
####..# ##. #..###.....#
###). ### ...#....>.###
#.... ...
##.#.>......#####.#..
#..#..b@.....#....##..#.
..###.#..t#####÷####..#..#.
#.........## #.## ##..#.#.
####.......# #..# #.##.#.
#..#....#####.# #.##..#.
#..###......÷)#..# ####.
... #...###.....# . ..##
#...###.#.#.# ...
###..#......#


You could see a crocodile and a bat.

Vanquished Creatures
  Crazy Yiuf (D:2)
  4 adders
  2 worms (D:2)
  A dart slug (D:2)
  3 leopard geckos (D:2)
  3 bats
  2 giant cockroaches
  4 goblins
  4 hobgoblins
  2 jackals (D:2)
  8 kobolds
  6 frilled lizards
  3 rats
43 creatures vanquished.

Notes
Turn   | Place    | Note
-------+----------+-------------------------------------------
     0 | D:1      | Error4North the Hill Orc Fighter began the quest for the
                  | Orb.
     0 | D:1      | Reached XP level 1. HP: 19/19 MP: 1/1
   259 | D:1      | Found a glowing golden altar of the Shining One.
   471 | D:1      | Reached XP level 2. HP: 27/27 MP: 2/2
   670 | D:2      | Found a shimmering altar of Xom.
   752 | D:2      | Reached XP level 3. HP: 25/33 MP: 3/3
   765 | D:2      | Noticed Sigmund
  1369 | D:2      | Reached XP level 4. HP: 32/40 MP: 4/4
  1619 | D:2      | Found a runed translucent door.
  1620 | D:2      | Noticed Crazy Yiuf
  1627 | D:2      | Killed Crazy Yiuf
  1991 | D:2      | Found a faded altar of an unknown god.
  2252 | D:3      | Noticed a crocodile
  2268 | D:3      | Slain by a crocodile

Levels and vault maps discovered:
D:1:      lightli_arrival_statue_moat, layout_basic, tso_metal_star
D:2:      layout_loops_ring, nicolae_overflow_crystal_walls,
          chequers_ecumenical_altar_grove, first_ration,
          uniq_crazy_yiuf_cottage, uniq_sigmund
D:3:      layout_rooms, minmay_cut_off

Skill      XL: |  1  2  3  4 |
---------------+-------------+-----
Fighting       | 4 |  4.2
Axes           | 3 4 |  4.4
Armour         | 4 |  4.1
Shields        | 4 |  4.0
Dodging        | |  0.3
Stealth        | |  0.1

Action                   |  1- 3 |  4- 6 || total
-------------------------+-------+-------++-------
Melee: War axe           |   117 |    58 ||   175
  Eat: Chunk             |     2 |     3 ||     5
Armor: Scale mail        |    51 |    36 ||    87
Dodge: Dodged            |    30 |    11 ||    41
Block: Kite shield       |    71 |    35 ||   106

Table legend:
 A = Non-vault XP
 B = Vault XP
 C = Vault XP percentage of total XP
 D = Non-vault monster count
 E = Vault monster count
 F = Vault count percentage of total count
                 A         B        C        D         E       F
            +---------+---------+-------+---------+---------+-------
      Total |     122 |      42 |  25.6 |      41 |       2 |   4.7
            +---------+---------+-------+---------+---------+-------
        D:1 |      12 |       0 |   0.0 |       8 |       0 |   0.0
        D:2 |      93 |      40 |  30.1 |      29 |       1 |   3.3
        D:3 |      17 |       2 |  10.5 |       4 |       1 |  20.0
            +---------+---------+-------+---------+---------+-------
